AoeStats
← Kamißon

Arena

508687223Analyzed
4v4 RM · 9d ago on Sep 23, 2026· 22m 38s· 8 players
Game mode
Random Map
Map size
Large (8 player)
Population
200
Speed
Normal
Resources
Standard
Victory
Conquest
Starting age
Dark Age
Ending age
Imperial Age
RankedLock teamsTeams togetherTeam positionsShared explorationLock speedFull tech treeHidden civsTurbo modeCheats
Victory
Defeat
🇹🇷 Mongols · Türkiye
971
+15
🇹🇷 Franks · Türkiye
953
+15
🇹🇷 Jurchens · Türkiye
917
+17
🇹🇷 Turks · Türkiye
890
+18
🇫🇷 Franks · France
991
-19
🇺🇦 Gurjaras · Ukraine
989
-18
🇩🇪 Goths · Germany
886
-14
🇳🇱 Khmer · Netherlands
876
-14
default
11:15 Feudal Age
15:30 Castle Age
13:33 Double-Bit Axe
17:41 Horse Collar
18:02 Loom
22:04 Scale Barding Armor
22:10 Forging
Kamißon
9:56 Feudal Age
16:42 Castle Age
15:12 Double-Bit Axe
16:40 Horse Collar
17:51 Thumb Ring
19:07 Bow Saw
20:15 Fletching
23:02 Ballistics
elfce
3:23 Loom
11:26 Feudal Age
16:58 Man-at-Arms
Wallcanes
11:59 Feudal Age
15:41 Castle Age
23:02 Imperial Age
moose45
13:37 Feudal Age
14:35 Double-Bit Axe
15:17 Stone Mining
19:12 Castle Age
17:41 Forging
18:04 Gold Mining
PoacherCrooks
0:38 Loom
Sägewerk
0:27 Loom
sparttanez
Connection lost

Rejoining the realm…

Still unreachable

The connection could not be restored.

Session expired

The server has moved on; the page needs a fresh start.